 Dungeon Crawl Stone Soup version 0.25-a0-178-gc9f82b1288 (webtiles) character file.

Game seed: 13801192536947835932, levelgen mode: deterministic

35 Leeroy the Conjurer (level 3, -5/26 HPs)
             Began as a Draconian Conjurer on Nov 26, 2019.
             Slain by an orc
             ... wielding a +0 flail
              (7 damage)
             ... on level 2 of the Dungeon.
             The game lasted 00:02:51 (1640 turns).

Leeroy the Conjurer (Draconian Conjurer)            Turns: 1640, Time: 00:02:52

Health: -5/26      AC:  5    Str: 10    XL:     3   Next: 16%
Magic:  6/6        EV: 17    Int: 16    God:
Gold:   28         SH:  0    Dex: 16    Spells: 3/6 levels left

rFire    . . .     SeeInvis .   h - +0 short sword
rCold    . . .     Gourm    .   (no shield)
rNeg     . . .     Faith    .   (armour unavailable)
rPois    .         Spirit   .   (helmet restricted)
rElec    .         Reflect  .   (no cloak)
rCorr    .         Harm     .   (no gloves)
MR       .....                  (no boots)
Stlth    +++.......             (no amulet)
HPRegen  0.08/turn              (no ring)
MPRegen  0.10/turn              (no ring)

@: agile
A: unfitting armour, cold-blooded, AC +5
a: no special abilities


You were on level 2 of the Dungeon.
You were hungry.

You visited 1 branch of the dungeon, and saw 2 of its levels.

You collected 28 gold pieces.

Inventory:

Hand Weapons
 c - a +0 club
 h - a +0 short sword (weapon)
 k - a +0 dagger
Missiles
 d - 70 stones (quivered)
Scrolls
 a - 2 scrolls of magic mapping {unknown}
 e - 2 scrolls of identify {unknown}
 g - a scroll of blinking {unknown}
 j - a scroll of fear {unknown}
 l - a scroll of remove curse {unknown}
Comestibles
 b - a ration


   Skills:
 - Level 1.7 Dodging
 - Level 1.7 Stealth
 - Level 2.0 Spellcasting
 + Level 5.1 Conjurations


You had 3 spell levels left.
You knew the following spells:

 Your Spells              Type           Power        Failure   Level  Hunger
a - Magic Dart            Conj           ###.         2%          1    #......
b - Searing Ray           Conj           ###...       3%          2    ###....

Your spell library contained the following spells:

 Spells                   Type           Power        Failure   Level  Hunger
 Dazzling Spray           Conj/Hex       #.....       22%         3    ###....
 Iskenderun's Mystic Bla  Conj           ###.....     26%         4    #####..
 Force Lance              Conj/Tloc      #.......     58%         4    #####..
 Fulminant Prism          Conj/Hex       #.........   58%         4    #####..


Dungeon Overview and Level Annotations

Branches:
Dungeon (2/15)

Altars:


Innate Abilities, Weirdness & Mutations

Your plain brown scales are hard. (AC +5)
You cannot fit into any form of body armour.
You are cold-blooded and may be slowed by cold attacks.


Message History

The jackal barks!
The jackal completely misses you. The orc wizard barely misses you.
The kobold misses you.
You closely miss the jackal. The jackal completely misses you.
The orc priest looks satisfied for a moment.
The jackal misses you. The kobold closely misses you. The jackal misses you.
You barely miss the orc wizard.
The jackal bites you but does no damage. x2
The orc wizard barely misses you. The kobold misses you.
The orc closely misses you. The jackal completely misses you.
You hit the orc wizard.
The orc wizard is moderately wounded.
You feel less confused. The jackal closely misses you.
The jackal bites you but does no damage.
The orc wizard hits you but does no damage.
The kobold completely misses you.
The jackal bites you but does no damage.
The orc hits you with a +0 flail!
You die...

.# ######### ...
########.......#
.#.##.....##.......#
..........##.......#
#...o..######.### #
#...Ko.........# #
#.###..ho@.....##..# #
.......lhh..#.###..# #
#.###..#h##.#.# #..# #
###....†..#.###..#######
............)........>##
###..#.##.#.###..####.##
#.........#.#......... #
#....####.....[.......
#.#....# #......#######


You could see an orc priest, an orc wizard, an orc, 4 jackals, a kobold and a
frilled lizard.

Vanquished Creatures
  An ooze (D:2)
  A dart slug (D:1)
  A leopard gecko (D:1)
  A giant cockroach (D:1)
  5 hobgoblins (D:1)
  4 kobolds (D:1)
  6 bats
  3 frilled lizards
  2 goblins (D:1)
  4 rats (D:1)
28 creatures vanquished.

Notes
Turn   | Place    | Note
-------+----------+-------------------------------------------
     0 | D:1      | Leeroy the Draconian Conjurer began the quest for the Orb.
     0 | D:1      | Reached XP level 1. HP: 14/14 MP: 3/3
   560 | D:1      | Reached XP level 2. HP: 9/20 MP: 1/5
  1236 | D:1      | Reached skill level 5 in Conjurations
  1260 | D:1      | Learned a level 2 spell: Searing Ray
  1481 | D:2      | Reached XP level 3. HP: 24/26 MP: 3/6
  1640 | D:2      | Slain by an orc

Levels and vault maps discovered:
D:1:      dpeg_arrival_lava_temple_mockup, layout_loops_ring,
          minmay_misc_feat_enclosed, chequers_decorated_corner
D:2:      layout_basic, nicolae_qazlal_general_emergency, uniq_jessica

Skill      XL: |  1  2 |
---------------+-------+-----
Conjurations   | 5 |  5.1
Dodging        | |  1.7
Stealth        | |  1.7
Spellcasting   | |  2.0

Action                   || total
-------------------------++-------
Melee: Club              ||    20
       Unarmed           ||     8
       Tailslap          ||     6
       Short sword       ||    77
 Cast: Magic Dart        ||    10
  Use: Potion            ||     1
 Stab: Sleeping          ||     6
  Eat: Chunk             ||     2
Armor: Skin              ||    29
Dodge: Dodged            ||    89

Table legend:
 A = Non-vault XP
 B = Vault XP
 C = Vault XP percentage of total XP
 D = Non-vault monster count
 E = Vault monster count
 F = Vault count percentage of total count
                 A         B        C        D         E       F
            +---------+---------+-------+---------+---------+-------
      Total |      50 |       0 |   0.0 |      28 |       0 |   0.0
            +---------+---------+-------+---------+---------+-------
        D:1 |      40 |       0 |   0.0 |      25 |       0 |   0.0
        D:2 |      10 |       0 |   0.0 |       3 |       0 |   0.0
            +---------+---------+-------+---------+---------+-------
